 Dungeon Crawl Stone Soup version 0.30-b1-2-g02819fbbbe (webtiles) character file.

Game seed: 2796635299254598749

16561 septik the Severer (level 12, -9/108 HPs)
             Began as a Minotaur Berserker on June 28, 2023.
             Was a High Priest of Trog.
             Mangled by a catoblepas (24 damage)
             ... on level 1 of the Lair of Beasts.
             The game lasted 00:26:33 (11197 turns).

septik the Severer (Minotaur Berserker)            Turns: 11197, Time: 00:26:38

Health: -9/108     AC: 18    Str: 27    XL:     12   Next: 11%
Magic:  11/11      EV: 11    Int:  4    God:    Trog [*****.]
Gold:   938        SH:  0    Dex: 10    Spells: 11/11 levels left

rFire   . . .        u - +1 war axe (freeze)
rCold   . . .        (no shield)
rNeg    . . .        B - +0 chain mail
rPois   +            (helmet restricted)
rElec   .            x - scarf {repulsion}
rCorr   .            Q - +2 pair of gloves "Keofuuz" {rPois Slay+3}
SInv    .            a - +1 pair of boots of New Discoveries {+Inv Regen+}
Will    .....        (no amulet) Stlth
                     (no ring)
HPRegen 1.18/turn    (no ring)
MPRegen 0.12/turn

%: repel missiles
@: on berserk cooldown, slowed, very slow
A: horns 2, retaliatory headbutt
a: Renounce Religion, Evoke Invisibility, Berserk, Trog's Hand, Brothers in Arms


You were on level 1 of the Lair of Beasts.
You worshipped Trog.
Trog was extremely pleased with you.
You visited 2 branches of the dungeon, and saw 12 of its levels.
You also visited: Ossuary.

You collected 938 gold pieces.

Inventory:

Hand Weapons
 u - a +1 war axe of freezing (weapon)
 H - a +1 hand axe of flaming
 V - a +0 hand axe of venom
 Y - a +0 sling
Missiles
 p - 115 stones
 r - 3 javelins
 E - 31 poisoned darts (quivered)
 T - 5 throwing nets
Armour
 a - the +1 pair of boots of New Discoveries (worn) {+Inv Regen+}
   (You found it on level 10 of the Dungeon)

   +Inv:      It lets you turn invisible.
   Regen:     It increases your rate of health regeneration.
 b - +0 acid dragon scales
 x - a scarf of repulsion (worn)
 B - a +0 chain mail (worn)
 Q - the +2 pair of gloves "Keofuuz" (worn) {rPois Slay+3}
   (You found it on level 5 of the Dungeon)

   Slay:      It affects your accuracy & damage with ranged weapons and melee
   (+3).
   rPois:     It protects you from poison.
Jewellery
 d - a +6 ring of dexterity
 i - an amulet of guardian spirit
 m - a ring of positive energy
 t - an amulet of the acrobat
 w - an amulet of regeneration
 D - a ring of ice
 G - an amulet of faith
 P - a ring of fire
 Z - a +6 ring of strength
Wands
 y - a wand of polymorph (5)
 C - a wand of iceblast (16)
 R - a wand of mindburst (16)
 S - a wand of quicksilver (4)
 X - a wand of charming (8)
Scrolls
 c - 3 scrolls of magic mapping
 e - 3 scrolls of vulnerability {unknown}
 f - 4 scrolls of immolation
 n - 2 scrolls of fear
 o - 5 scrolls of silence
 q - 7 scrolls of teleportation
 s - a scroll of blinking
 J - a scroll of poison {unknown}
 L - a scroll of torment {unknown}
 U - a scroll of enchant weapon {unknown}
 W - 2 scrolls of enchant armour
Potions
 g - 12 potions of curing
 h - 5 potions of heal wounds
 j - a potion of magic
 k - a potion of resistance
 l - 4 potions of might
 v - a potion of haste {unknown}
 z - a potion of lignification {unknown}
 A - 3 potions of invisibility
 I - 2 potions of flight
 K - a potion of berserk rage
 M - a potion of ambrosia {unknown}
 N - 3 potions of attraction


   Skills:
 + Level 10.9 Fighting
 * Level 16.5 Axes
 + Level 13.0 Armour
 + Level 5.4 Dodging


You had 11 spell levels left.
You didn't know any spells.
Your spell library was empty.

Dungeon Overview and Level Annotations

Branches:
Dungeon (11/15)            Temple (0/1) D:7            Lair (1/5) D:10
Ossuary (visited)
    Orc: D:9-12

Altars:
Cheibriados
Hepliaklqana
Kikubaaqudgha
Makhleb
Ru
Uskayaw
Wu Jian
Xom

Annotations:
D:3 exclusion: downstairs


Innate Abilities, Weirdness & Mutations

You have a pair of horns on your head.
You reflexively headbutt those who attack you in melee.


Message History

You slash the rime drake! You freeze the rime drake. The catoblepas gores you.
The rime drake bites you but does no damage.
The catoblepas gores you!
You hit the catoblepas. You freeze the catoblepas.
The catoblepas is moderately wounded.
You hit the rime drake but do no damage.
The ice encasing you melts away. The rime drake breathes ice at you.
The icy flash freeze hits you!!
* * * LOW HITPOINT WARNING * * *
You are encased in ice.
The catoblepas closely misses you. You furiously retaliate!
You headbutt the catoblepas.
You feel much better. The rime drake bites you. The catoblepas gores you!
The rime drake bites you but does no damage.
You hit the catoblepas but do no damage.
The catoblepas is heavily wounded.
You hit the rime drake. The rime drake barely misses you.
You furiously retaliate!
You headbutt the rime drake.
The catoblepas gores you but does no damage.
You slash the catoblepas! You freeze the catoblepas.
The catoblepas is heavily wounded.
You barely miss the rime drake. The rime drake misses you.
You furiously retaliate!
You headbutt the rime drake!
The catoblepas breathes a plume of calcifying dust at you.
The blast of calcifying dust hits you but does no damage.
The rime drake bites you but does no damage.
The ice encasing you melts away. The catoblepas gores you!
The rime drake bites you but does no damage.
The catoblepas breathes a plume of calcifying dust at you.
The blast of calcifying dust hits you but does no damage.
The rime drake bites you. The catoblepas gores you!!
* * * LOW HITPOINT WARNING * * *
The rime drake is engulfed in calcifying dust.
The rime drake is moving more slowly.
The rime drake bites you but does no damage.
The catoblepas gores you!!
You die...

........§.....## .....
........####..# ....
...P...## #...# ....
..P#..k ##..# #.. ..8
..##... #...# #.# ... #...
##..####.## ..# ..
##..§.....##....#..
..###§§kY......#.#..... .
.........@##........... ..
#..........##....###... .##
#..........##....##..##....
F.................#........
......................8.>.8
.....................#...
..................##### 8
............#.....###.#.#
...........#.....##......


You could see a catoblepas and a rime drake (petrifying).

Vanquished Creatures
  Harold (D:10)
  2 two-headed ogres
  The ghost of caveywoolpert the Geomancer, a novice GrEE of Vehumet (D:10)
  A skeletal warrior (D:10)
  A manticore (D:9)
  An unseen horror zombie (D:10)
  9 centaur skeletons (D:10)
  An unseen horror skeleton (D:10)
  2 trolls
  Grinder (D:6)
  Prince Ribbit (D:5)
  4 flying skulls (D:10)
  Sigmund (D:4)
  7 shadows
  2 wraiths (D:10)
  Eustachio (D:5)
  12 yaks
  A wyvern (D:9)
  Menkaure (D:4)
  Edmund (D:6)
  A warg (D:10)
  3 water moccasins
  An acid dragon (D:10)
  Duvessa (D:5)
  5 orc warriors
  A sky beast (D:6)
  2 ice beasts
  3 black bears
  An ogre (D:5)
  2 kobold brigands
  5 bullfrogs
  3 scorpions
  8 wights
  Dowan (D:5)
  7 killer bees
  2 howler monkeys (D:7)
  7 centaur zombies (D:10)
  A hound (D:4)
  A jelly (D:6)
  2 gnoll boudas (D:7)
  5 orc priests
  Crazy Yiuf (D:4)
  An iguana (D:6)
  A human zombie (D:5)
  Ijyb (D:4)
  Natasha (thrice) (D:2)
  2 sleepcaps
  9 orc wizards
  8 mummies (Ossuary)
  6 gnolls (D:7)
  6 adders
  A white imp (D:5)
  3 ufetubi
  A dart slug (D:3)
  36 orcs
  4 endoplasms
  4 giant cockroaches
  4 goblins
  2 hobgoblins
  4 quokkas
  8 ball pythons
  9 bats
  A frilled lizard (D:2)
  2 gnoll zombies (Ossuary)
  A goblin zombie (D:5)
  2 hobgoblin zombies (Ossuary)
  14 kobolds
  2 kobold zombies (Ossuary)
  2 orc zombies (Ossuary)
  2 rats
253 creatures vanquished.

Vanquished Creatures (others)
  2 fungi (Lair:1)
  10 plants (Lair:1)
12 creatures vanquished.

Grand Total: 265 creatures vanquished

Notes
Turn   | Place    | Note
-------+----------+-------------------------------------------
     0 | D:1      | septik the Minotaur Berserker began the quest for the Orb.
     0 | D:1      | Reached XP level 1. HP: 19/19 MP: 0/0
   251 | D:1      | Reached skill level 4 in Axes
   421 | D:1      | Reached XP level 2. HP: 27/27 MP: 1/1
   507 | D:1      | Found a faded altar of an unknown god.
  1005 | D:2      | Noticed a black bear
  1010 | D:2      | Killed a black bear
  1011 | D:2      | Reached skill level 5 in Axes
  1011 | D:2      | Reached XP level 3. HP: 34/34 MP: 2/2
  1011 | D:2      | Reached XP level 4. HP: 41/41 MP: 3/3
  1133 | D:2      | Noticed Natasha
  1139 | D:2      | Killed Natasha
  1140 | D:2      | Reached XP level 5. HP: 39/47 MP: 4/4
  1204 | D:2      | Noticed Natasha
  1212 | D:2      | Killed Natasha
  1212 | D:2      | Reached ** piety under Trog
  1213 | D:2      | Reached skill level 6 in Axes
  1592 | D:2      | Noticed Natasha
  1597 | D:2      | Killed Natasha
  2313 | D:3      | Found an ornate altar of the Wu Jian Council.
  2700 | D:4      | Noticed Ijyb
  2701 | D:4      | Noticed Menkaure
  2706 | D:4      | Killed Menkaure
  2707 | D:4      | Reached skill level 5 in Fighting
  2707 | D:4      | Reached skill level 7 in Axes
  2707 | D:4      | Reached XP level 6. HP: 42/56 MP: 5/5
  2725 | D:4      | Killed Ijyb
  3046 | D:4      | Noticed an orc warrior
  3224 | D:4      | Noticed Sigmund
  3231 | D:4      | Killed Sigmund
  3232 | D:4      | Reached XP level 7. HP: 61/61 MP: 6/6
  3335 | D:4      | Reached skill level 8 in Axes
  3421 | D:4      | Found a runed translucent door.
  3422 | D:4      | Noticed Crazy Yiuf
  3581 | D:4      | Found a hide-covered altar of Uskayaw.
  3933 | D:4      | Killed Crazy Yiuf
  3955 | D:5      | Entered Level 5 of the Dungeon
  3968 | D:5      | Noticed Duvessa
  3970 | D:5      | Noticed Dowan
  3981 | D:5      | Killed Duvessa
  3983 | D:5      | Noticed Prince Ribbit
  3996 | D:5      | Noticed Eustachio
  3998 | D:5      | Killed Prince Ribbit
  3999 | D:5      | Reached skill level 9 in Axes
  3999 | D:5      | Reached skill level 5 in Armour
  3999 | D:5      | Reached XP level 8. HP: 69/69 MP: 7/7
  4020 | D:5      | Killed Dowan
  4033 | D:5      | Killed Eustachio
  4046 | D:5      | Reached skill level 10 in Axes
  4057 | D:5      | Found a sand-covered staircase.
  4062 | Ossuary  | Entered an ossuary
  4203 | Ossuary  | Reached *** piety under Trog
  4745 | D:5      | Identified the +2 pair of gloves "Keofuuz" {rPois Slay+3}
  5535 | D:6      | Reached skill level 11 in Axes
  5550 | D:6      | Noticed Edmund
  5551 | D:6      | Noticed Grinder
  5655 | D:6      | Reached XP level 9. HP: 75/75 MP: 8/8
  5769 | D:6      | Killed Grinder
  6011 | D:6      | Killed Edmund
  6012 | D:6      | Reached skill level 12 in Axes
  6091 | D:6      | Found a sacrificial altar of Ru.
  6470 | D:7      | Found a staircase to the Ecumenical Temple.
  7036 | D:8      | Reached **** piety under Trog
  7337 | D:8      | Reached skill level 13 in Axes
  7363 | D:8      | Found a snail-covered altar of Cheibriados.
  7712 | D:8      | Noticed a two-headed ogre
  7758 | D:8      | Killed a two-headed ogre
  7759 | D:8      | Reached XP level 10. HP: 38/86 MP: 9/9
  8073 | D:9      | Reached skill level 14 in Axes
  8263 | D:9      | Found a shimmering altar of Xom.
  8264 | D:9      | Found a hazy altar of Hepliaklqana.
  8264 | D:9      | Found an ancient bone altar of Kikubaaqudgha.
  8265 | D:9      | Found a burning altar of Makhleb.
  8542 | D:9      | Noticed a manticore
  8557 | D:9      | Killed a manticore
  9192 | D:10     | Entered Level 10 of the Dungeon
  9276 | D:10     | Reached skill level 10 in Armour
  9333 | D:10     | Noticed Harold
  9549 | D:10     | Reached skill level 15 in Axes
  9559 | D:10     | Reached XP level 11. HP: 95/95 MP: 10/10
  9571 | D:10     | Noticed a skeletal warrior
  9857 | D:10     | Killed a skeletal warrior
 10049 | D:10     | Reached skill level 10 in Fighting
 10072 | D:10     | Reached skill level 5 in Dodging
 10260 | D:10     | Noticed a two-headed ogre
 10273 | D:10     | Killed a two-headed ogre
 10274 | D:10     | Reached skill level 16 in Axes
 10406 | D:10     | Killed Harold
 10461 | D:10     | Found a runed translucent gate.
 10462 | D:10     | Noticed caveywoolpert's ghost (novice GrEE)
 10518 | D:10     | Reached XP level 12. HP: 108/108 MP: 11/11
 10519 | D:10     | Found a staircase to the Lair.
 10773 | D:10     | Found a runed translucent gate.
 10774 | D:10     | Found a runed translucent gate.
 10807 | D:10     | Reached ***** piety under Trog
 10823 | D:10     | Killed caveywoolpert's ghost
 11000 | D:10     | Identified the +1 pair of boots of New Discoveries {+Inv
                  | Regen+}
 11084 | Lair:1   | Entered Level 1 of the Lair of Beasts
 11156 | Lair:1   | Noticed a catoblepas
 11197 | Lair:1   | Mangled by a catoblepas

Illustrated notes

Levels and vault maps discovered:
D:1:      co_arrival_square_in_a_square_in_a_square, layout_loops_cross,
          shapermc_ecumenical_altar_flowoftime, item_on_display_a
D:2:      layout_basic, minmay_strange_pillars, uniq_natasha
D:3:      layout_basic, nicolae_wu_jian_immortal_techniques, minmay_cupped
D:4:      layout_loops_corners, mainiacjoe_overflow_alcove_4,
          uniq_crazy_yiuf_cottage, uniq_menkaure, uniq_sigmund, uniq_ijyb
D:5:      layout_rooms, enter_ossuary_3, grunt_decor_arrowhead,
          uniq_prince_ribbit1, uniq_duvessa, uniq_eustachio
D:6:      layout_gridville, mainiacjoe_overflow_tiny_flanked, kennysheep_dice,
          uniq_edmund, uniq_grinder
D:7:      layout_basic, minmay_temple_entry_gardened_gates
D:8:      layout_loops_ring, nicolae_overflow_crystal_walls,
          kennysheep_pointless_box, hangedman_decor_diamond_cutter,
          grunt_tough_drop
D:9:      layout_loops_corners, chequers_temple_overflow_statue_of_worship,
          serial_glass, glass_columns_a, glass_columns_c, st_stairs_7
D:10:     hangedman_screamer, layout_cave_pools, lair_entry_dummy,
          biasface_ghost_orc_armoury, uniq_harold
D:11:     layout_cave_pods, erik_orc_4
Lair:1:   layout_small_grid, grunt_megastairs_2, serial_bayou_shore_a

Skill      XL: |  1  2  3  4  5  6  7  8  9 10 11 12 |
---------------+-------------------------------------+-----
Axes           | 4 5 7 9 11 13 15 16 | 16.5
Fighting       | 4 5 6 7 8 10 | 10.9
Dodging        | 3 4 5 |  5.4
Armour         | 3 5 6 8 10 12 13 | 13.0

Action                     |  1- 3 |  4- 6 |  7- 9 | 10-12 || total
---------------------------+-------+-------+-------+-------++-------
  Melee: Hand axe          |    51 |    86 |   279 |   284 ||   700
         Headbutt          |     4 |    13 |    54 |    69 ||   140
         Punch             |       |     2 |     2 |     4 ||     8
         War axe           |       |       |       |    20 ||    20
 Invoke: Berserk           |     1 |     3 |     3 |     7 ||    14
         Trog's Hand       |       |     1 |     3 |     1 ||     5
    Use: Scroll            |       |       |     2 |    16 ||    18
         Potion            |       |       |     1 |     3 ||     4
   Stab: Sleeping          |     1 |       |       |       ||     1
 Armour: Animal skin       |    20 |     5 |       |       ||    25
         Scale mail        |       |    27 |       |       ||    27
         Chain mail        |       |     7 |   101 |   231 ||   339
  Dodge: Dodged            |    32 |    43 |    94 |   178 ||   347
         Repelled          |       |       |     3 |     1 ||     4
